 Dungeon Crawl Stone Soup version 0.27-a0-1228-gfd60fd639a (webtiles) character file.

Game seed: 11775854664040007953

51 dickylongcocking the Sneak (level 3, -4/26 HPs)
             Began as an Octopode Delver on June 7, 2021.
             Killed by nerve-wracking pain
             ... invoked by an orc priest
              (14 damage)
             ... on level 4 of the Dungeon.
             The game lasted 00:00:25 (516 turns).

dickylongcocking the Sneak (Octopode Delver)         Turns: 516, Time: 00:00:26

Health: -4/26      AC:  1    Str: 11    XL:     3   Next: 81%
Magic:  3/3        EV: 13    Int: 13    God:
Gold:   30         SH:  0    Dex: 13    Spells: 2/2 levels left

rFire    . . .     SeeInvis .     - Unarmed
rCold    . . .     Faith    .   (no shield)
rNeg     . . .     Spirit   .   (helmet restricted)
rPois    .         Reflect  .   (no amulet)
rElec    .         Harm     .   (no ring)
rCorr    .         Rampage  .   (no ring)
Will     .....                  (no ring)
Stlth    +++++.....             (no ring)
HPRegen  0.08/turn              (no ring)
MPRegen  0.08/turn              (no ring)
                                (no ring)
                                (no ring)

@: no status effects
A: almost no armour, amphibious, 8 rings, camouflage 1, gelatinous body 1,
(nimble swimmer 1), tentacles
a: no special abilities


You were on level 4 of the Dungeon.
You visited 1 branch of the dungeon, and saw 2 of its levels.

You collected 30 gold pieces.

Inventory:

Wands
 d - a wand of flame (19)
 e - a wand of digging (3)
Scrolls
 a - a scroll of fog
 b - a scroll of magic mapping
 c - a scroll of fear
 g - a scroll of blinking {unknown}
Potions
 f - a potion of curing
 h - a potion of lignification {unknown}


   Skills:
 - Level 3.1 Fighting
 - Level 2.1 Dodging
 + Level 7.6 Stealth
 * Level 2.6 Unarmed Combat


You had 2 spell levels left.
You didn't know any spells.
Your spell library was empty.

Dungeon Overview and Level Annotations

Branches:
Dungeon (5/15)
 Temple: D:4-7

Altars:


Innate Abilities, Weirdness & Mutations

You cannot wear most types of armour.
You are amphibious.
You can wear up to eight rings at the same time.
Your skin changes colour to match your surroundings (Stealth+).
Your rubbery body absorbs attacks. (AC +1, EV +1)
((You are camouflaged near water. (Stealth+)))
You have tentacles for arms and can constrict up to eight enemies at once.


Message History

There is an open door here.
There is a stone staircase leading up here.
You climb upwards.
A hobgoblin and an orc priest come into view.
Found 32 gold pieces and a scroll labelled HUNUDASIANN.
Found a stone staircase leading up.
There is a stone staircase leading down here.
There are monsters nearby!
The helpless hobgoblin fails to defend itself.
You bludgeon the hobgoblin!
You kill the hobgoblin!
An orc priest is nearby!
The orc priest shouts!
You hear a shout! x2
An orc priest is nearby!
An orc comes into view. It is wielding a +0 hand axe.
The orc shouts!
The orc priest invokes the aid of Beogh against you.
Pain shoots through your body!
Found 11 gold pieces.
You tentacle-slap the orc priest but do no damage.
You grab the orc priest. You constrict the orc priest.
An orc comes into view. It is wielding a +0 flail.
The orc priest begins to cast a cantrip, but forgets the words!
The orc shouts!
You tentacle-slap the orc priest.
The orc priest is moderately wounded.
You constrict the orc priest.
The orc priest casts a cantrip, but nothing happens.
You barely miss the orc priest.
The orc priest is moderately wounded.
You constrict the orc priest.
The orc priest struggles to escape constriction.
You tentacle-slap the orc priest but do no damage.
You tentacle-slap the orc priest.
The orc priest is almost dead.
You constrict the orc priest. The orc hits you with a +0 hand axe!
The orc priest mumbles some strange prayers to Beogh against you.
Pain shoots through your body!
Ouch! That really hurt!
You die...

###### #
#.....# .#
.......####$#
........o..
.......oo#
.......@.#
.....$?.##
.......>#
.......$#
....<..##
.....$.
.##.... #....
#####


You could see an orc priest and 2 orcs.

Vanquished Creatures
  2 iguanas (D:5)
  A hobgoblin (D:4)
3 creatures vanquished.

Notes
Turn   | Place    | Note
-------+----------+-------------------------------------------
     0 | D:5      | dickylongcocking the Octopode Delver began the quest for
                  | the Orb.
     0 | D:5      | Reached XP level 1. HP: 16/16 MP: 1/1
    22 | D:5      | Noticed an iguana
    29 | D:5      | Noticed an iguana
    66 | D:5      | Killed an iguana
    67 | D:5      | Reached skill level 7 in Stealth
    67 | D:5      | Reached XP level 2. HP: 10/21 MP: 2/2
    67 | D:5      | Reached XP level 3. HP: 12/26 MP: 3/3
   516 | D:4      | Killed from afar by an orc priest

Illustrated notes

Levels and vault maps discovered:
D:4:      layout_rooms, nicolae_overflow_hidden_temple,
          grunt_temple_overflow_open
D:5:      layout_loops_corners

Skill      XL: |  1 |
---------------+----+-----
Stealth        | 7 |  7.6
Fighting       | |  3.1
Dodging        | |  2.1
Unarmed Combat | |  2.6

Action                   || total
-------------------------++-------
Melee: Unarmed           ||    25
       Constrict         ||     4
       Tentacles         ||     2
       Punch             ||     1
  Use: Potion            ||     2
 Stab: Sleeping          ||     2
Dodge: Dodged            ||    11

Table legend: (Time is in decaauts)
 A = Elapsed time spent in this place.
 B = Non-inter-level travel time spent in this place.
 C = Inter-level travel time spent in this place.
 D = Time resting spent in this place.
 E = Time spent auto-exploring this place.
 F = Levels seen in this place.
 G = Mean time per level.
                   A        B        C        D        E       F      G
               +--------+--------+--------+--------+--------+-----+--------+
         Total |    495 |    488 |      7 |     66 |    366 |   2 |  247.5 |
       Dungeon |    495 |    488 |      7 |     66 |    366 |   2 |  247.5 |
               +--------+--------+--------+--------+--------+-----+--------+

Top non-repeatable levels by time:
     D:5: 488 daAuts
     D:4: 6 daAuts
